 Dungeon Crawl Stone Soup version 0.16-a0-2818-g1ef6e07 (webtiles) character file.

408 MDvedh the Cudgeler (level 6, -1/37 HPs)
             Began as a Gargoyle Fighter on Nov 28, 2014.
             Killed from afar by a white imp (9 damage)
             ... with a puff of frost
             ... summoned by Eustachio
             ... on level 4 of the Dungeon.
             The game lasted 00:06:59 (2667 turns).

MDvedh the Cudgeler (Gargoyle Fighter)              Turns: 2667, Time: 00:07:00

Health: -1/37      AC: 11    Str: 19    XL:     6   Next: 88%
Magic:  6/6        EV:  6    Int: 11    God:
Gold:   103        SH:  9    Dex: 11    Spells: 0 memorised, 5 levels left

rFire  . . .     SeeInvis .     a - +0 flail
rCold  . . .     Clarity  +     b - +0 scale mail
rNeg   + . .     SustAb   .     c - +0 shield
rPois  ∞         Gourm    .     (no helmet)
rElec  +         Spirit   .     (no cloak)
rCorr  .         Warding  .     (no gloves)
rMut   .         Stasis   .     (no boots)
MR     +....                    r - amulet of clarity
Stlth  ..........               (no ring)
                                m - ring of protection from magic

@: somewhat resistant to hostile enchantments, extremely unstealthy
A: clarity, clever 1, deterioration 1, negative energy resistance 1, electricity
resistance, unbreathing, petrification resistance, rot immunity, AC +4
a: no special abilities


You were on level 4 of the Dungeon.
You were hungry.

You visited 1 branch of the dungeon, and saw 4 of its levels.
You also visited: Sewer.

You collected 103 gold pieces.

Inventory:

Hand weapons
 a - a +0 flail (weapon)
Armour
 b - a +0 scale mail (worn)
 c - a +0 shield (worn)
Jewellery
 m - a ring of protection from magic (left hand)
 r - an amulet of clarity (around neck)
Scrolls
 e - a scroll of amnesia {unknown}
 h - 2 scrolls of remove curse {unknown}
 n - a scroll of enchant armour {unknown}
 s - a scroll of recharging {unknown}
Potions
 g - 2 potions of restore abilities {unknown}
 k - 4 potions of curing
 p - a potion of heal wounds
 q - a potion of haste {unknown}
Comestibles
 d - 2 bread rations
 f - a slice of pizza
 o - 2 meat rations


   Skills:
 - Level 3.2 Fighting
 + Level 7.1 Maces & Flails
 - Level 3.2 Armour
 - Level 3.2 Shields


You had 5 spell levels left.
You didn't know any spells.

Dungeon Overview and Level Annotations

Branches:
Dungeon (4/15)
 Temple: D:4-7

Altars:
Fedhas
Nemelex Xobeh
Vehumet
Xom
Yredelemnul
The Shining One

Annotations:
D:4 Eustachio


Innate Abilities, Weirdness & Mutations

You are resistant to torment.
You are immune to poison.
Your stone body is very resilient (AC +4).
You resist negative energy.
You are resistant to electric shocks.
You can survive without breathing.
You are immune to petrification.
You are immune to rotting.
You possess an exceptional clarity of mind.
Your mind is acute. (Int +2)
Your body is slowly deteriorating.


Message History

Eustachio is severely wounded.
You block the bat's attack.
Eustachio mumbles some strange words.
Eustachio blinks!
You block the quokka's attack. You block the river rat's attack.
The river rat bites you but does no damage.
You sock the quokka!
You kill the quokka!
The quokka's corpse disappears in a puff of smoke!
The bat hits you but does no damage.
Eustachio casts a spell.
You block the river rat's attack. The river rat barely misses you.
Unknown command.
The ufetubus shouts!
Eustachio casts a spell.
Eustachio blinks!
You block the bat's attack.
The river rat bites you but does no damage.
The white imp gestures at you. The puff of frost hits you!
You die...

..)...)##...............
.........................
..........#......##..##...
.....................##...
....5................##...
#.....§..##................
#......5...####.###.).....
..#.#####..r...............
#....))@r...?..........#
#.......b@........###.##
#......................#
#......................#
#.............##........
..........=..##...%...
............#.......
...........#....##
###.....###...


You could see Eustachio, 2 river rats, a white imp, an ufetubus and a bat.

Vanquished Creatures
  2 ogres
  A big kobold (Sewer)
  A hound (D:4)
  2 adders (D:3)
  A gnoll (D:1)
  2 river rats (Sewer)
  2 worms
  3 giant geckos
  An ooze (D:3)
  2 orcs
  A ball python (D:1)
  8 bats
  5 giant cockroaches
  9 hobgoblins
  5 jackals
  12 kobolds
  5 quokkas
  4 giant newts
  4 goblins
  11 rats
81 creatures vanquished.

Notes
Turn   | Place    | Note
--------------------------------------------------------------
     0 | D:1      | MDvedh, the Gargoyle Fighter, began the quest for the Orb.
     0 | D:1      | Reached XP level 1. HP: 14/14 MP: 1/1
   226 | D:1      | Reached XP level 2. HP: 10/19 MP: 2/2
   608 | D:1      | Reached XP level 3. HP: 20/23 MP: 3/3
  1008 | D:2      | Found a basalt altar of Yredelemnul.
  1086 | D:2      | Found a glowing golden altar of the Shining One.
  1087 | D:2      | Found a shimmering altar of Xom.
  1154 | D:2      | Reached skill level 4 in Maces & Flails
  1185 | D:2      | Found a radiant altar of Vehumet.
  1262 | D:2      | Reached XP level 4. HP: 28/28 MP: 4/4
  1408 | D:2      | Found a blossoming altar of Fedhas.
  1413 | D:2      | Found a sparkling altar of Nemelex Xobeh.
  1774 | D:3      | Noticed an ogre
  1781 | D:3      | Killed an ogre
  1781 | D:3      | Reached skill level 5 in Maces & Flails
  1781 | D:3      | Reached XP level 5. HP: 32/32 MP: 5/5
  2085 | D:4      | Noticed an ogre
  2096 | D:4      | Killed an ogre
  2096 | D:4      | Reached skill level 6 in Maces & Flails
  2096 | D:4      | Reached XP level 6. HP: 13/37 MP: 6/6
  2378 | D:4      | Found a glowing drain.
  2387 | D:4      | Gained mutation: You possess an exceptional clarity of mind. [potion of mutation]
  2387 | D:4      | Gained mutation: Your body is slowly deteriorating. [potion of mutation]
  2387 | D:4      | Gained mutation: Your mind is acute. (Int +2) [potion of mutation]
  2404 | Sewer    | Entered a sewer
  2528 | Sewer    | Found a white marble altar of Elyvilon.
  2614 | D:4      | Noticed Eustachio
  2650 | D:4      | Reached skill level 7 in Maces & Flails
  2667 | D:4      | Killed from afar by a white imp

Action                   |  1- 3 |  4- 6 || total
-------------------------+-------+-------++-------
Melee: Flail             |   166 |   180 ||   346
  Use: Potion            |       |     3 ||     3
       Scroll            |       |     4 ||     4
  Eat: Chunk             |     1 |       ||     1
       Bread ration      |       |     1 ||     1
